 Dungeon Crawl Stone Soup version 0.23-a0-448-g1c01f63 (webtiles) character file.

121 argonaut the Twirler (level 4, 0/34 HPs)
             Began as a Demonspawn Gladiator on Nov 19, 2018.
             Killed by divine providence
             ... invoked by an orc priest
              (10 damage)
             ... on level 3 of the Dungeon.
             The game lasted 00:13:11 (1897 turns).

argonaut the Twirler (Demonspawn Gladiator)         Turns: 1897, Time: 00:13:11

Health: 0/34       AC:  6    Str: 17    XL:     4   Next: 76%
Magic:  4/4        EV: 12    Int:  9    God:
Gold:   139        SH:  0    Dex: 16    Spells: 3/3 levels left

rFire    . . .     SeeInvis .   a - +0 quarterstaff
rCold    . . .     Gourm    +   (shield currently unavailable)
rNeg     + . .     Faith    .   B - +0 ring mail
rPois    .         Spirit   .   (helmet restricted)
rElec    .         Reflect  .   (no cloak)
rCorr    .         Harm     .   (no gloves)
MR       .....                  H - +0 pair of boots
Stlth    +.........             j - amulet of the gourmand
HPRegen  0.11/turn              I - +3 ring of strength
MPRegen  0.09/turn              P - ring of positive energy

@: no status effects
A: antennae 1, claws 1, rot immunity
a: no special abilities


You were on level 3 of the Dungeon.
You were not hungry.

You visited 1 branch of the dungeon, and saw 3 of its levels.

You collected 139 gold pieces.

Inventory:

Hand Weapons
 a - a +0 quarterstaff (weapon)
 e - a +0 short sword
 g - a +0 club
 k - a +0 club
 l - a +0 club
 m - a +0 dagger
 r - a +0 club
 u - a +0 dagger
 v - a +0 dagger
 w - a +0 club
 x - a +0 club
 y - a +0 dagger
 C - a +0 dagger
 F - a +0 trident
 K - a +0 spear
 O - a +0 short sword
Missiles
 d - 3 throwing nets (quivered)
 h - 32 stones
Armour
 b - a +0 leather armour
 c - a +0 helmet
 s - a +0 robe
 t - a +0 leather armour
 B - a +0 ring mail (worn)
 H - a +0 pair of boots (worn)
 J - a +0 ring mail
 L - a +0 leather armour
 M - a +0 cloak
 N - a +0 robe
Jewellery
 j - an amulet of the gourmand (around neck)
 I - a +3 ring of strength (left claw)
 P - a ring of positive energy (right claw)
Scrolls
 i - a scroll of remove curse {unknown}
 p - 3 scrolls of identify {unknown}
 q - 2 scrolls of enchant weapon {unknown}
 E - a scroll of teleportation {unknown}
Potions
 n - a potion of curing {unknown}
 o - a potion of flight {unknown}
 z - 2 potions of haste {unknown}
 A - 2 potions of degeneration {unknown}
 D - 2 potions of lignification {unknown}
 G - a potion of might {unknown}
Comestibles
 f - 2 rations


   Skills:
 + Level 2.8 Fighting
 + Level 3.7 Staves
 + Level 1.9 Throwing
 + Level 1.1 Armour
 + Level 3.4 Dodging
 + Level 0.4 Stealth


You had 3 spell levels left.
You didn't know any spells.
Your spell library was empty.

Dungeon Overview and Level Annotations

Branches:
Dungeon (3/15)

Altars:


Innate Abilities, Weirdness & Mutations

You have a pair of small antennae on your head.
You have sharp fingernails.
You are immune to rotting.


Message History

The orc barely misses you. The dart slug launches a dart at you.
The slug dart hits you! The orc closely misses you.
Found 19 arrows.
Items here: )) †† a +0 short sword; a +0 flail; an orc corpse; a goblin corpse You hit the dart slug but do no damage.
The orc hits you with a +0 mace.
* * * LOW HITPOINT WARNING * * *
The dart slug bites you but does no damage.
The orc hits you but does no damage. The orc misses you.
The orc priest miscasts a cantrip.
The orc priest looks encouraged for a moment.
The orc closely misses you.
The orc priest looks encouraged for a moment.
You barely miss the orc.
The orc is heavily wounded.
The orc priest invokes the aid of Beogh against you.
Beogh smites you!
You die...

#####
###################...##
.....(................'.
######.###########...##
#@# #...##
######o####### ######
+$...rw....... #
######o####### # #.# #
#.o # .... ####### .....
#.....# ....... #.##.##


You could see 2 orc priests, a dart slug, an orc and a rat.

Vanquished Creatures
  6 adders
  An ooze (D:3)
  A dart slug (D:1)
  3 leopard geckos (D:1)
  2 orcs (D:3)
  3 giant cockroaches
  7 goblins
  4 hobgoblins
  2 jackals (D:2)
  7 bats
  5 frilled lizards
  9 kobolds
  A leopard gecko skeleton (D:2)
  12 rats
63 creatures vanquished.

Notes
Turn   | Place    | Note
-------+----------+-------------------------------------------
     0 | D:1      | argonaut the Demonspawn Gladiator began the quest for the
                  | Orb.
     0 | D:1      | Reached XP level 1. HP: 16/16 MP: 1/1
   152 | D:1      | Gained mutation: You have a pair of small antennae on your
                  | head. [demonic ancestry]
   152 | D:1      | Reached XP level 2. HP: 22/22 MP: 2/2
   551 | D:1      | Gained mutation: You have sharp fingernails. [demonic
                  | ancestry]
   551 | D:1      | Reached XP level 3. HP: 28/28 MP: 3/3
  1048 | D:2      | Gained mutation: You are immune to rotting. [demonic
                  | ancestry]
  1048 | D:2      | Reached XP level 4. HP: 33/34 MP: 4/4
  1081 | D:2      | Reached skill level 1 in Armour
  1226 | D:2      | Found a faded altar of an unknown god.
  1897 | D:3      | Killed from afar by an orc priest

Vault maps used:
D:1:      tarquinn_simple_flora_water_e, nrook_mini_vaults,
          minmay_misc_feat_nine_boxes, minmay_rat_gold_closets
D:2:      chequers_ecumenical_altar_twisty
D:3:      marbit_many_paths

Skill      XL: |  1  2  3  4 |
---------------+-------------+-----
Dodging        | 3 |  3.4
Staves         | 3 |  3.7
Armour         | 1 |  1.1
Fighting       | |  2.8
Throwing       | |  1.9
Stealth        | |  0.4

Action                   |  1- 3 |  4- 6 || total
-------------------------+-------+-------++-------
Melee: Quarterstaff      |   113 |    66 ||   179
 Stab: Sleeping          |     2 |       ||     2
  Eat: Chunk             |       |     2 ||     2
       Ration            |       |     1 ||     1
Armor: Leather armour    |    28 |       ||    28
       Ring mail         |     9 |    18 ||    27
Dodge: Dodged            |   111 |    43 ||   154

Table legend:
 A = Non-vault XP
 B = Vault XP
 C = Vault XP percentage of total XP
 D = Non-vault monster count
 E = Vault monster count
 F = Vault count percentage of total count
                 A         B        C        D         E       F
            +---------+---------+-------+---------+---------+-------
      Total |     168 |       5 |   2.9 |      58 |       5 |   7.9
            +---------+---------+-------+---------+---------+-------
        D:1 |      40 |       5 |  11.1 |      24 |       5 |  17.2
        D:2 |      81 |       0 |   0.0 |      24 |       0 |   0.0
        D:3 |      47 |       0 |   0.0 |      10 |       0 |   0.0
            +---------+---------+-------+---------+---------+-------
